 Dungeon Crawl Stone Soup version 0.28-a0-938-gbc3f381ebc (webtiles) character file.

Game seed: 5075054076413604289

61 mainiacjoe the Magician (level 4, 0/31 HPs)
             Began as a Djinni Conjurer on Nov 30, 2021.
             Slain by Terence (3 damage)
             ... on level 2 of the Dungeon.
             The game lasted 00:04:36 (2153 turns).

mainiacjoe the Magician (Djinni Conjurer)           Turns: 2153, Time: 00:04:36

Health: 0/31       AC:  3    Str:  6    XL:     4   Next: 27%
Gold:   85         EV: 12    Int: 21    God:
                   SH:  0    Dex: 11

rFire   + + .      SeeInvis .   a - +0 dagger (venom)
rCold   x . .      Faith    .   (no shield)
rNeg    . . .      Spirit   .   i - +0 robe
rPois   ∞          Reflect  .   (no helmet)
rElec   .          Harm     .   (no cloak)
rCorr   .          Rampage  .   m - +0 pair of gloves
Will    .....                   (boots unavailable)
Stlth   ++........              (no amulet)
HPRegen 0.10/turn               (no ring)
MPRegen 0.00/turn               (no ring)

@: flying
A: sickness immunity, fire resistance 2, cold vulnerability 1, float, innate
caster, hp casting, extra vitality 1
a: no special abilities


You were on level 2 of the Dungeon.
You visited 1 branch of the dungeon, and saw 2 of its levels.

You collected 85 gold pieces.

Inventory:

Hand Weapons
 a - a +0 dagger of venom (weapon)
 b - a +0 quarterstaff
Missiles
 g - 83 stones (quivered)
Armour
 f - a +0 ring mail
 i - a +0 robe (worn)
 m - a +0 pair of gloves (worn)
Jewellery
 n - a ring of fire
Scrolls
 e - 2 scrolls of fog
 h - a scroll of vulnerability {unknown}
 k - a scroll of fear {unknown}
Potions
 c - a potion of curing
 d - a potion of heal wounds {unknown}
 j - 2 potions of haste
 l - a potion of resistance {unknown}
 o - a potion of flight {unknown}


   Skills:
 - Level 2.1 Dodging
 - Level 1.5 Stealth
 + Level 4.4 Spellcasting


You couldn't memorise any spells.
You knew the following spells:

 Your Spells              Type           Power      Damage    Failure   Level
a - Magic Dart            Conj           92%        1d7       1%          1
b - Searing Ray           Conj           46%        2d6       2%          2
c - Dazzling Flash        Conj/Hex       46%        N/A       5%          3
d - Fulminant Prism       Conj/Hex       11%        3d9       19%         4
k - Beastly Appendage     Tmut           46%        N/A       1%          1
z - Iskenderun's Mystic   Conj/Tloc      23%        2d6       19%         4
Your spell library was empty.

Dungeon Overview and Level Annotations

Branches:
Dungeon (2/15)

Altars:

Annotations:
D:2 Terence


Innate Abilities, Weirdness & Mutations

You are immune to sickness and miasma.
You are immune to poison.
Your flesh is very heat resistant. (rF++)
You are vulnerable to cold. (rC-)
You float through the air rather than walking.
You learn spells naturally, not from books.
Your magical power is your life essence.
You have superior vitality. (+4 HP)


Message History

The adder is heavily wounded. (Press . to maintain the ray.)
The searing ray hits the adder.
You kill the adder!
Found a stone staircase leading down.
o - a dark potion Terence the Incautious comes into view.
He is wielding a +2 mace of protection.
Terence shouts!
A hobgoblin comes into view.
Casting: Searing Ray (safe; 2% risk of failure)
Confirm with . or Enter, or press ? or * to list all spells.
Casting: Dazzling Flash (dangerous; 5% risk of failure)
Press: ? - help, Dir - look around, f - activate Terence is dazzled.
Terence is no longer blind.
Casting: Dazzling Flash (dangerous; 5% risk of failure)
Confirm with . or Enter, or press ? or * to list all spells.
Aiming: Searing Ray (safe; 2% risk of failure)
Press: ? - help, Shift-Dir - straight line, f - Terence
Aim: Terence, wielding a +2 mace of protection and wearing a +0 chain mail (84% to hit)
The searing ray hits Terence but does no damage. (Press . to maintain the ray.) Terence hits you with a +2 mace of protection!
The searing ray hits Terence but does no damage.
Terence hits you with a +2 mace of protection!
The searing ray hits Terence.
Terence is lightly wounded.
* * * LOW HITPOINT WARNING * * *
Terence barely misses you.
The searing ray hits Terence but does no damage.
Terence is lightly wounded.
* * * LOW HITPOINT WARNING * * *
You finish channelling your searing ray.
Terence hits you with a +2 mace of protection.
* * * LOW HITPOINT WARNING * * *
Unknown command.
As you read the scroll labelled QUCSOTZ GUELU, it crumbles to dust.
The scroll dissolves into smoke.
It was a scroll of fog.
Terence hits you with a +2 mace of protection.
You die...

####.# ####.##
......########
.###..#......# .#
#..#.####.######
.###..#.# ##.##...#
...#..#.# #...§§§§#
.#....#.###..##§§§#
.#...........###@##
.##...#......# #@#
......######## #§#
####.## #.# #.# #.#
##+## #.# ##...##
#.........#
##.....##
#.###..##.#
#.......## #...


You could see Terence.

Vanquished Creatures
  2 adders (D:2)
  4 bats
  An endoplasm (D:1)
  4 giant cockroaches (D:1)
  6 hobgoblins
  4 kobolds
  2 quokkas (D:1)
  5 ball pythons (D:1)
  2 frilled lizards (D:1)
  5 goblins
  4 rats
39 creatures vanquished.

Notes
Turn   | Place    | Note
-------+----------+-------------------------------------------
     0 | D:1      | mainiacjoe the Djinni Conjurer began the quest for the Orb.
     0 | D:1      | Reached XP level 1. HP: 15/15 MP: 0/0
   311 | D:1      | Reached XP level 2. HP: 14/21 MP: 0/0
   780 | D:1      | Reached XP level 3. HP: 24/25 MP: 0/0
   780 | D:1      | Learned a level 1 spell: Beastly Appendage
   889 | D:1      | Reached skill level 4 in Spellcasting
  1559 | D:2      | Found a faded altar of an unknown god.
  1678 | D:2      | Reached XP level 4. HP: 29/31 MP: 0/0
  2140 | D:2      | Noticed Terence
  2153 | D:2      | Slain by Terence

Illustrated notes

Levels and vault maps discovered:
D:1:      kennysheep_arrival_seaside, layout_loops_cross, serial_forest,
          infiniplex_forest_lined_ring, infiniplex_forest_clump_medium,
          infiniplex_forest_diagonal, infiniplex_forest_zigzag_1,
          minmay_distorted
D:2:      minmay_diamond_boxcup, layout_loops_corners,
          ebering_ecumenical_altar_ruins, minivault_24, uniq_terence

Skill      XL: |  1  2  3 |
---------------+----------+-----
Spellcasting   | 4 |  4.4
Dodging        | |  2.1
Stealth        | |  1.5

Action                   |  1- 3 |  4- 6 || total
-------------------------+-------+-------++-------
Melee: Unarmed           |     2 |       ||     2
 Cast: Magic Dart        |    61 |     9 ||    70
       Searing Ray       |     1 |     2 ||     3
       Dazzling Flash    |       |     1 ||     1
  Use: Scroll            |     2 |     1 ||     3
Dodge: Dodged            |       |     3 ||     3

Table legend: (Time is in decaauts)
 A = Elapsed time spent in this place.
 B = Non-inter-level travel time spent in this place.
 C = Inter-level travel time spent in this place.
 D = Time resting spent in this place.
 E = Time spent auto-exploring this place.
 F = Levels seen in this place.
 G = Mean time per level.
                   A        B        C        D        E       F      G
               +--------+--------+--------+--------+--------+-----+--------+
         Total |   2149 |   2118 |     31 |      0 |   1896 |   2 | 1074.5 |
       Dungeon |   2149 |   2118 |     31 |      0 |   1896 |   2 | 1074.5 |
               +--------+--------+--------+--------+--------+-----+--------+

Top non-repeatable levels by time:
     D:1: 1398 daAuts
     D:2: 751 daAuts
